 Dungeon Crawl Stone Soup version 0.26-a0-113-gd8a95b691d (webtiles) character file.

Game seed: 6500508044780755624

63 MrRokkomies the Bolt Thrower (level 4, 0/27 HPs)
             Began as a Kobold Arcane Marksman on June 26, 2020.
             Slain by a goblin
             ... wielding a +0 dagger
             ... led by Robin
              (2 damage)
             ... on level 2 of the Dungeon.
             The game lasted 00:03:32 (1749 turns).

MrRokkomies the Bolt Thrower (KoAM)                 Turns: 1749, Time: 00:03:32

Health: 0/27       AC:  2    Str:  8    XL:     4   Next: 31%
Magic:  5/5        EV: 16    Int: 14    God:
Gold:   83         SH:  0    Dex: 15    Spells: 2/5 levels left

rFire    . . .     SeeInvis +   a - +1 hand crossbow
rCold    . . .     Faith    .   (shield restricted)
rNeg     . . .     Spirit   .   e - +0 robe
rPois    .         Reflect  .   (no helmet)
rElec    .         Harm     .   (no cloak)
rCorr    .                      (no gloves)
MR       .....                  (no boots)
Stlth    +.........             (no amulet)
HPRegen  0.09/turn              (no ring)
MPRegen  0.09/turn              (no ring)

@: stab
A: small, see invisible, carnivore, sense surroundings 1
a: no special abilities


You were on level 2 of the Dungeon.
You were very full.

You visited 1 branch of the dungeon, and saw 2 of its levels.

You collected 83 gold pieces.

Inventory:

Hand Weapons
 a - a +1 hand crossbow (weapon)
 b - a +0 spear
Missiles
 d - a bolt (quivered)
Armour
 e - a +0 robe (worn)
Scrolls
 c - 2 scrolls of blinking
 j - a scroll of teleportation {unknown}
 k - 3 scrolls of remove curse
Potions
 g - a potion of stabbing
 h - 2 potions of flight
Comestibles
 f - 3 rations


   Skills:
 * Level 2.4 Fighting
 * Level 3.6 Crossbows
 + Level 3.0 Dodging
 - Level 1.1 Spellcasting
 + Level 3.3 Hexes


You had 2 spell levels left.
You knew the following spells:

 Your Spells              Type           Power        Failure   Level  Hunger
a - Corona                Hex            ##.....      7%          1    ##.....
b - Slow                  Hex            ##......     10%         2    ###....

Your spell library contained the following spells:

 Spells                   Type           Power        Failure   Level  Hunger
 Inner Flame              Hex/Fire       #.......     36%         3    ####...
 Portal Projectile        Hex/Tloc       #.....       36%         3    ####...
 Cause Fear               Hex            ##........   54%         4    #####..
 Leda's Liquefaction      Hex/Erth       #.........   78%         4    #####..


Dungeon Overview and Level Annotations

Branches:
Dungeon (2/15)

Altars:

Annotations:
D:2 Robin


Innate Abilities, Weirdness & Mutations

You are small and have problems with some larger weapons.
You are carnivorous and can eat meat at any time.
You have supernaturally acute eyesight. (SInv)
You passively map a small area around you.


Message History

The quokka twitches its whiskers.
The adder misses you.
You see here a +0 club.
The adder bites you.
* * * LOW HITPOINT WARNING * * *
The quokka misses you.
Robin roars a battlecry!
The goblins go into a battle-frenzy!
Robin throws the goblin at you! The goblin closely misses you.
The adder bites you.
* * * LOW HITPOINT WARNING * * *
Really attack while wielding your +1 hand crossbow? [Y]es or [N]o only, please.
Really attack while wielding your +1 hand crossbow?
Okay, then.
Unknown command.
The kobold closely misses you. The goblin hits you with a +0 dagger.
* * * LOW HITPOINT WARNING * * *
The goblin hits you with a +0 dagger.
You die...

.g....>........................##
..............................##
............[........)........#
....)(........................#
.....(.......#..g.............#
....##...........gg..........##
... #..........................
## *#....>.....#rK.........###.
#.......(...@gS......#### *
#.......................#
#.......).................
##.......(...........#....
#......................... ,
#....................#####
#...................## ,
#............(...####
#..)..........<..#


You could see Robin, an adder, a quokka, 2 hobgoblins, a goblin (strong) and a
kobold.

Vanquished Creatures
  An adder (D:2)
  A worm (D:2)
  2 dart slugs (D:1)
  A leopard gecko (D:2)
  2 giant cockroaches
  14 goblins
  3 hobgoblins (D:1)
  2 quokkas (D:2)
  A ball python (D:1)
  6 bats
  A frilled lizard (D:1)
  4 kobolds
  6 rats
44 creatures vanquished.

Notes
Turn   | Place    | Note
-------+----------+-------------------------------------------
     0 | D:1      | MrRokkomies the Kobold Arcane Marksman began the quest for
                  | the Orb.
     0 | D:1      | Reached XP level 1. HP: 12/12 MP: 2/2
   400 | D:1      | Reached XP level 2. HP: 16/16 MP: 3/3
   764 | D:1      | Reached XP level 3. HP: 13/21 MP: 4/4
  1456 | D:2      | Reached XP level 4. HP: 10/26 MP: 2/5
  1653 | D:2      | Learned a level 2 spell: Slow
  1682 | D:2      | Noticed Robin
  1720 | D:2      | Gained mutation: You have supernaturally acute eyesight.
                  | (SInv) [potion of mutation]
  1720 | D:2      | Gained mutation: You passively map a small area around you.
                  | [potion of mutation]
  1749 | D:2      | Slain by a goblin

Illustrated notes

Levels and vault maps discovered:
D:1:      tarquinn_simple_flora_water_f, layout_rooms, serial_forest,
          infiniplex_forest_clump_medium, infiniplex_forest_lined_room_2,
          infiniplex_forest_clump_cross, infiniplex_forest_3_way,
          infiniplex_forest_clump_large, infiniplex_forest_straight_2,
          infiniplex_forest_straight_1, infiniplex_forest_clump_tiny,
          infiniplex_forest_clump_small, hangedman_abyss_or_decor_lesser_grid,
          columned_hall_lemuel, minmay_pentomino_p4
D:2:      layout_rooms, uniq_robin

Skill      XL: |  1  2  3 |
---------------+----------+-----
Crossbows      | 3 |  3.6
Fighting       | 2 |  2.4
Dodging        | 3 |  3.0
Spellcasting   | |  1.1
Hexes          | |  3.3

Action                   |  1- 3 |  4- 6 || total
-------------------------+-------+-------++-------
Melee: Spear             |   100 |     8 ||   108
 Fire: Hand crossbow     |    37 |    15 ||    52
 Cast: Corona            |     2 |       ||     2
  Use: Scroll            |     7 |       ||     7
       Potion            |       |     4 ||     4
  Eat: Chunk             |    10 |       ||    10
Armor: Robe              |     8 |     7 ||    15
Dodge: Dodged            |    86 |    52 ||   138

Table legend:
 A = Non-vault XP
 B = Vault XP
 C = Vault XP percentage of total XP
 D = Non-vault monster count
 E = Vault monster count
 F = Vault count percentage of total count
                 A         B        C        D         E       F
            +---------+---------+-------+---------+---------+-------
      Total |      73 |      18 |  19.8 |      34 |      10 |  22.7
            +---------+---------+-------+---------+---------+-------
        D:1 |      35 |       3 |   7.9 |      21 |       2 |   8.7
        D:2 |      38 |      15 |  28.3 |      13 |       8 |  38.1
            +---------+---------+-------+---------+---------+-------
